 Dungeon Crawl Stone Soup version 0.26.1-11-gd32895ea62 (webtiles) character file.

Game seed: 12232686559874209074

490 Revguard the Stinger (level 7, -1/67 HPs)
             Began as an Ogre Venom Mage on July 14, 2021.
             Was an Initiate of Ashenzari.
             Slain by a hornet zombie (13 damage)
             ... on level 5 of the Dungeon.
             The game lasted 00:20:31 (7262 turns).

Revguard the Stinger (Ogre Venom Mage)              Turns: 7262, Time: 00:20:32

Health: -1/67      AC:  3    Str: 11 (13) XL:     7   Next: 14%
Magic:  2/12       EV: 14    Int: 15 (18) God:    Ashenzari [......]
Gold:   257        SH:  0    Dex:  6 (9)  Spells: 1/13 levels left

rFire    . . .     SeeInvis .   n - +0 hand axe
rCold    . . .     Faith    .   (no shield)
rNeg     + . .     Spirit   .   c - +1 robe (curse)
rPois    .         Reflect  .   (helmet restricted)
rElec    .         Harm     .   (no cloak)
rCorr    .         Rampage  .   (gloves unavailable)
Will     .....     Clarity  +   (boots unavailable)
Stlth    +.........             r - amulet of the acrobat
HPRegen  0.21/turn              j - ring of positive energy
MPRegen  0.13/turn              f - +4 ring of evasion (curse)

@: no status effects
A: large, unfitting armour, clarity, deformed body, sense surroundings 1, tough
skin 1
a: Renounce Religion, Curse Item


You were on level 5 of the Dungeon.
You worshipped Ashenzari.
Ashenzari was noncommittal.
You visited 2 branches of the dungeon, and saw 6 of its levels.

You collected 257 gold pieces.

Inventory:

Hand Weapons
 n - a +0 hand axe (weapon)
Armour
 a - a +0 robe
 c - a cursed +1 robe (worn)
Jewellery
 f - a cursed +4 ring of evasion (right hand)
 j - a ring of positive energy (left hand)
 q - an uncursed ring of flight
 r - an amulet of the acrobat (around neck)
Scrolls
 d - 2 scrolls of blinking
 g - a scroll of teleportation
 k - a scroll of enchant armour
 l - a scroll of identify
 m - 4 scrolls of remove curse
 p - a scroll of amnesia
Potions
 b - 2 potions of lignification
 e - a potion of brilliance
 h - 2 potions of curing
 i - a potion of ambrosia
 o - a potion of might


   Skills:
 + Level 3.0 Fighting
 + Level 1.3(1.6) Axes
 - Level 0.9(1.2) Maces & Flails
 + Level 1.6 Armour
 + Level 3.0 Dodging
 - Level 1.4 Stealth
 + Level 3.5 Spellcasting
 + Level 0.9 Conjurations
 + Level 2.2 Transmutations
 + Level 1.8 Fire Magic
 + Level 3.6 Poison Magic


You had one spell level left.
You knew the following spells:

 Your Spells              Type           Power        Failure   Level
a - Olgreb's Toxic Radia  Pois           13%          38%         4
b - Poisonous Vapours     Pois/Air       16%          14%         2
c - Ignite Poison         Fire/Tmut/Pois 10%          21%         3
d - Mephitic Cloud        Conj/Pois/Air  7%           30%         3

Your spell library contained the following spells:

 Spells                   Type           Power        Failure   Level
 Sting                    Tmut/Pois      44%          5%          1
 Animate Skeleton         Necr           4%           19%         1
 Apportation              Tloc           4%           19%         1
 Corona                   Hex            2%           19%         1
 Summon Small Mammal      Summ           8%           19%         1


Dungeon Overview and Level Annotations

Branches:
Dungeon (5/15)             Temple (1/1) D:4

Altars:
Ashenzari
Dithmenos
Hepliaklqana
Makhleb
Okawaru
Ru
Wu Jian
Xom
The Shining One


Innate Abilities, Weirdness & Mutations

You are too large for most types of armour.
You have tough skin. (AC +1)
You possess an exceptional clarity of mind.
Armour fits poorly on your strangely shaped body.
You passively map a small area around you.


Message History

The hornet zombie misses you.
You barely miss the hornet zombie.
The hornet zombie is severely damaged.
The hornet zombie hits you but does no damage.
The hornet zombie hits you!
You barely miss the hornet zombie.
The hornet zombie is severely damaged.
The hornet zombie barely misses you.
You hit the hornet zombie but do no damage.
The hornet zombie is severely damaged.
The hornet zombie barely misses you. The hornet zombie closely misses you.
You closely miss the hornet zombie.
The hornet zombie is severely damaged.
The hornet zombie hits you!
* * * LOW HITPOINT WARNING * * *
Your magical contamination has completely faded away.
You barely miss the hornet zombie.
The hornet zombie is severely damaged.
The hornet zombie hits you!
You die...

####....# * #.# #....# *..
##.###### #....#..!.# #.#
#........ #....#....# ..*
#........ #....#....# #.##
#........ #.####....# #..#
#........ #.# #....# #.##
#........
#S####....######..###........
#Zo.o......Z@.?..............
####........#####............
#........# ##...........
#......$.# #.....#####'
#........# #.....# #.
#.....>..# ##.##+## #.
########## #.....# #. #.....*
#. #.....# #.


You could see a hornet zombie.

Vanquished Creatures
  A bullfrog (D:4)
  A hound (D:4)
  3 orc wizards
  3 orc priests (D:3)
  A centaur skeleton (D:4)
  A worker ant (D:4)
  A hound skeleton (D:5)
  A worker ant zombie (D:5)
  3 adders
  A white imp (D:5)
  An ooze (D:5)
  A worm (D:3)
  3 dart slugs
  3 leopard geckos (D:4)
  16 orcs
  10 bats
  4 giant cockroaches
  5 goblins
  12 hobgoblins
  10 jackals
  6 kobolds
  2 quokkas
  8 frilled lizards
  5 rats
102 creatures vanquished.

Notes
Turn   | Place    | Note
-------+----------+-------------------------------------------
     0 | D:1      | Revguard the Ogre Venom Mage began the quest for the Orb.
     0 | D:1      | Reached XP level 1. HP: 16/16 MP: 3/3
   314 | D:1      | Reached skill level 1 in Transmutations
   442 | D:1      | Reached XP level 2. HP: 20/26 MP: 1/5
   468 | D:1      | Learned a level 2 spell: Poisonous Vapours
  1034 | D:1      | Reached skill level 1 in Fighting
  1194 | D:1      | Reached XP level 3. HP: 33/33 MP: 1/6
  1211 | D:1      | Learned a level 3 spell: Ignite Poison
  1923 | D:2      | Found a shimmering altar of Xom.
  2673 | D:2      | Found a broken altar of Ashenzari.
  2681 | D:2      | Became a worshipper of Ashenzari the Shackled
  2754 | D:2      | Found a sacrificial altar of Ru.
  2853 | D:2      | Found a glowing golden altar of the Shining One.
  2954 | D:2      | Reached XP level 4. HP: 36/42 MP: 8/8
  3177 | D:3      | Reached skill level 1 in Armour
  3177 | D:3      | Reached XP level 5. HP: 28/49 MP: 1/9
  3182 | D:3      | Reached skill level 1 in Fire Magic
  3574 | D:3      | Found a shadowy altar of Dithmenos.
  4012 | D:3      | Reached XP level 6. HP: 34/59 MP: 4/10
  4186 | D:3      | Learned a level 3 spell: Mephitic Cloud
  5162 | D:4      | Gained mutation: You possess an exceptional clarity of
                  | mind. [potion of mutation]
  5162 | D:4      | Gained mutation: Armour fits poorly on your strangely
                  | shaped body. [potion of mutation]
  5162 | D:4      | Gained mutation: You passively map a small area around you.
                  | [potion of mutation]
  5186 | D:4      | Found a staircase to the Ecumenical Temple.
  5187 | D:4      | Noticed a phantom
  5220 | Temple   | Entered the Ecumenical Temple
  5865 | D:4      | Reached skill level 1 in Axes
  6244 | D:4      | Reached XP level 7. HP: 49/66 MP: 2/12
  6259 | D:4      | Learned a level 4 spell: Olgreb's Toxic Radiance
  6352 | D:4      | Found an ornate altar of the Wu Jian Council.
  6702 | D:5      | Entered Level 5 of the Dungeon
  6714 | D:5      | Found an iron altar of Okawaru.
  7262 | D:5      | Slain by a hornet zombie

Illustrated notes

Levels and vault maps discovered:
D:1:      heliophobic_arrival_dark_side_of_the_moon, layout_basic
D:2:      layout_loops_ring, nicolae_overflow_crystal_walls,
          lemuel_coloured_pillars_altar, xom_teletrap_fun,
          nicolae_ru_the_path_less_chosen
D:3:      cheibrodos_pilgrimage, layout_basic, lemuel_doored_altar
D:4:      layout_loops_ring, nzn_wu_jian_council_hall,
          minmay_temple_entry_stoned_glass
D:5:      layout_basic, overflow_temple_1_default
Temple:   eino_wide_crystal_templ

Skill      XL: |  1  2  3  4  5  6  7 |
---------------+----------------------+-----
Transmutations | 1 2 |  2.2
Fighting       | 1 2 3 |  3.0
Dodging        | 2 3 |  3.0
Poison Magic   | 3 |  3.6
Armour         | 1 |  1.6
Fire Magic     | 1 |  1.8
Spellcasting   | 3 |  3.5
Axes           | 1 |  1.3
Maces & Flails | |  0.9
Stealth        | |  1.4
Conjurations   | |  0.9

Action                   |  1- 3 |  4- 6 |  7- 9 || total
-------------------------+-------+-------+-------++-------
Melee: Unarmed           |    44 |       |       ||    44
       Club              |    84 |    41 |       ||   125
       Hand axe          |       |   154 |    64 ||   218
 Cast: Sting             |    29 |    11 |       ||    40
       Poisonous Vapours |     9 |    14 |       ||    23
       Ignite Poison     |     1 |    10 |     1 ||    12
       Mephitic Cloud    |       |     2 |     3 ||     5
       Olgreb's Toxic Ra |       |       |     1 ||     1
Invok: Curse Item        |       |     1 |       ||     1
  Use: Scroll            |     5 |     5 |     2 ||    12
       Potion            |     4 |     1 |     6 ||    11
 Stab: Confused          |       |     1 |       ||     1
       Sleeping          |       |     1 |       ||     1
Armor: Robe              |    54 |    42 |    10 ||   106
       Skin              |       |       |    21 ||    21
Dodge: Dodged            |   123 |   202 |    57 ||   382
